 Dungeon Crawl Stone Soup version 0.27-a0-597-g524d869a0f (webtiles) character file.

Game seed: 9779064985461886305

645528 dolemite99 the Warrior (level 27, -2/304 HPs)
             Began as a Demonspawn Hunter on Mar 11, 2021.
             Was an Initiate of Gozag.
             Slain by Metaapnu the pandemonium lord (9 damage)
             ... on level 5 of the Depths on Mar 12, 2021.
             The game lasted 03:18:56 (114144 turns).

dolemite99 the Warrior (Demonspawn Hunter)        Turns: 114144, Time: 03:18:56

Health: -2/304     AC: 33    Str: 28    XL:     27
Magic:  0/27       EV:  2    Int: 13    God:    Gozag
Gold:   1028       SH:  0    Dex: 15    Spells: 31/36 levels left

rFire    + . .     SeeInvis +   d - +8 glaive (flame)
rCold    + + .     Faith    .   (shield currently unavailable)
rNeg     + + +     Spirit   +   (armour currently unavailable)
rPois    +         Reflect  .   (helmet currently unavailable)
rElec    +         Harm     .   (cloak currently unavailable)
rCorr    +         Rampage  .   (gloves unavailable)
Will     ++...     NoTele   +   (boots currently unavailable)
Stlth    +.........             v - amulet of guardian spirit
HPRegen  0.60/turn              y - ring of the Kangaroo {rPois rN+ Str+6 SInv}
MPRegen  0.20/turn              e - ring of protection from cold

@: mighty, agile, tree-form, resistant, studying Axes
A: demonic guardian 3, dopey 1, frail 1, low mp 1, mutation resistance 1,
negative energy resistance 1, powered by pain 3, 50% torment resistance, black
mark
0: Orb of Zot
}: 3/15 runes: barnacled, silver, gossamer
a: End Transformation, Renounce Religion, Potion Petition, Call Merchant, Bribe
Branch


You were on level 5 of the Depths.
You worshipped Gozag.
Gozag was most pleased with you.
You were a tree.
You visited 12 branches of the dungeon, and saw 58 of its levels.
You visited 1 ziggurat, and saw 4 of its levels.

You collected 34085 gold pieces.
You spent 9233 gold pieces at shops.
You paid 23824 gold pieces to Gozag.

Inventory:

Hand Weapons
 a - a +6 longbow of venom
 b - a +4 vampiric glaive
 d - a +8 glaive of flaming (weapon)
 w - the +3 Elemental Staff {rElec rF++ rC++ Will++ AC+5}
   (You found it on level 5 of the Vaults)

   It affects your AC (+5).
   It greatly protects you from fire.
   It greatly protects you from cold.
   It insulates you from electricity.
   It affects your willpower, your defense against some magical effects.
Missiles
 n - 710 arrows
Armour
 h - a +2 cloak of preservation (melded)
 A - the +7 crystal plate armour of Sandy the Good (melded) {Str+3 Stlth+}
   (You bought it in a shop on level 7 of the Dungeon)

   It affects your strength (+3).
   It makes you more stealthy.
 L - a +5 plate armour of fire resistance
 T - the +1 helmet "Xeegoocw" (melded) {Regen+}
   (You bought it in a shop on level 7 of the Dungeon)

   It increases your rate of regeneration.
 Z - the +0 pair of boots of Distant Worlds (melded) {rElec Will+ Regen+}
   (You bought it in a shop on level 14 of the Dungeon)

   It insulates you from electricity.
   It affects your willpower, your defense against some magical effects.
   It increases your rate of regeneration.
Jewellery
 c - a ring of willpower
 e - a ring of protection from cold (left branch)
 f - a ring of protection from fire
 r - the ring of Ravusiw {rElec rCorr Int+2 Dex+4 Slay+2}
   (You took it off a tengu reaver on level 5 of the Depths)

   [ring of resist corrosion]

   It affects your intelligence (+2).
   It affects your dexterity (+4).
   It affects your accuracy and damage with ranged weapons and melee attacks
   (+2).
   It insulates you from electricity.
   It provides partial protection from all sources of acid and corrosion.
 v - an amulet of guardian spirit (around neck)
 y - the ring of the Kangaroo (right branch) {rPois rN+ Str+6 SInv}
   (You found it on level 5 of the Vaults)

   [ring of strength]

   It affects your strength (+6).
   It protects you from poison.
   It protects you from negative energy.
   It lets you see invisible.
 D - the ring "Deviria" {rElec rPois rN+ EV+4 Str+3}
   (You found it on level 3 of the Crypt)

   [ring of evasion]

   It affects your evasion (+4).
   It affects your strength (+3).
   It insulates you from electricity.
   It protects you from poison.
   It protects you from negative energy.
 G - a +4 ring of protection
Wands
 g - a wand of mindburst (13)
 i - a wand of digging (13)
 m - a wand of polymorph (40)
 z - a wand of iceblast (21)
 E - a wand of charming (22)
 F - a wand of random effects (62)
 N - a wand of paralysis (29)
 X - a wand of flame (42)
Scrolls
 j - 8 scrolls of fog
 p - 4 scrolls of silence
 I - 24 scrolls of identify {@r1}
 S - 10 scrolls of magic mapping
 U - 9 scrolls of teleportation
 W - 3 scrolls of fear
Potions
 l - 5 potions of berserk rage
 o - 6 potions of ambrosia
 q - 2 potions of brilliance
 t - 7 potions of attraction
 u - 3 potions of mutation
 B - 5 potions of lignification
 H - 8 potions of curing
 J - 16 potions of flight
 M - a potion of cancellation
 P - 2 potions of might
 Q - 2 potions of magic
Miscellaneous
 k - a box of beasts (inert)
 s - a condenser vane (inert)
 x - a phial of floods
 K - a lightning rod (4/4)
 V - a tin of tremorstones (inert)
 Y - a phantom mirror (inert)


   Skills:
 - Level 20.4 Fighting
 - Level 20.1 Polearms
 - Level 18.7 Bows
 - Level 16.6 Armour
 - Level 18.2 Dodging
 - Level 0.8 Stealth
 - Level 5.2 Spellcasting
 - Level 8.4 Translocations
 + Level 6.0 Transmutations
 - Level 11.5 Earth Magic
 - Level 13.3 Evocations


You had 31 spell levels left.
You knew the following spells:

 Your Spells              Type           Power      Damage    Failure   Level
a - Blink                 Tloc           N/A        N/A       1%          2
b - Passwall              Tmut/Erth      21%        N/A       1%          2
g - Apportation           Tloc           50%        N/A       1%          1

Your spell library contained the following spells:

 Spells                   Type           Power      Damage    Failure   Level
 Sandblast                Erth           66%        2d15      1%          1
 Gell's Gravitas          Tloc           12%        N/A       1%          3
 Lesser Beckoning         Tloc           12%        N/A       1%          3
 Stone Arrow              Conj/Erth      36%        3d9       4%          3
 Petrify                  Tmut/Erth      26%        N/A       4%          4
 Lee's Rapid Deconstruct  Erth           16%        3d11*     4%          5
 Sting                    Tmut/Pois      44%        1d5       5%          1
 Manifold Assault         Tloc           25%        N/A       5%          4
 Passage of Golubria      Tloc           N/A        N/A       5%          4
 Portal Projectile        Hex/Tloc       28%        N/A       10%         3
 Spider Form              Tmut/Pois      5%         N/A       16%         3
 Animate Armour           Summ/Erth      36%        N/A       17%         4
 Leda's Liquefaction      Hex/Erth       9%         N/A       17%         4
 Corona                   Hex            3%         N/A       19%         1
 Foxfire                  Conj/Fire      12%        2x1d4     19%         1
 Freeze                   Ice            12%        1d4       19%         1
 Magic Dart               Conj           12%        1d3       19%         1
 Ignite Poison            Fire/Tmut/Pois 8%         N/A       24%         3
 Call Imp                 Summ           3%         N/A       28%         2
 Ensorcelled Hibernation  Hex/Ice        6%         N/A       28%         2
 Poisonous Vapours        Pois/Air       6%         N/A       28%         2
 Searing Ray              Conj           6%         3d3       28%         2
 Slow                     Hex            3%         N/A       28%         2
 Sublimation of Blood     Necr           1%         N/A       28%         2
 Iskenderun's Mystic Bla  Conj/Tloc      14%        2d5       32%         4
 Borgnjor's Vile Clutch   Necr/Erth      9%         N/A       43%         5
 Ice Form                 Ice/Tmut       11%        N/A       47%         4
 Confusing Touch          Hex            3%         N/A       50%         3
 Conjure Flame            Conj/Fire      3%         6-21      50%         3
 Dazzling Flash           Conj/Hex       6%         N/A       50%         3
 Frozen Ramparts          Ice            6%         1d2       50%         3
 Inner Flame              Hex/Fire       3%         N/A       50%         3
 Mephitic Cloud           Conj/Pois/Air  3%         N/A       50%         3
 Ozocubu's Armour         Ice            3%         N/A       50%         3
 Static Discharge         Conj/Air       3%         N/A       50%         3
 Tukima's Dance           Hex            3%         N/A       50%         3
 Statue Form              Tmut/Erth      17%        N/A       58%         6
 Summon Forest            Summ/Tloc      7%         N/A       65%         5
 Dispersal                Tloc           12%        N/A       65%         6
 Bolt of Magma            Conj/Fire/Erth 6%         4d6       71%         5
 Alistair's Intoxication  Tmut/Pois      7%         N/A       83%         5
 Irradiate                Conj/Tmut      5%         3d15      83%         5
 Yara's Violent Unravell  Hex/Tmut       5%         3d4       83%         5
 Animate Dead             Necr           1%         N/A       88%         4
 Cause Fear               Hex            1%         N/A       88%         4
 Fulminant Prism          Conj/Hex       1%         3d6       88%         4
 Hailstorm                Conj/Ice       3%         3d3       88%         4
 Olgreb's Toxic Radiance  Pois           3%         N/A       88%         4
 Summon Ice Beast         Ice/Summ       3%         N/A       88%         4
 Iron Shot                Conj/Erth      9%         9d3       95%         6
 Fireball                 Conj/Fire      1%         3d3       99%         5
 Iskenderun's Battlesphe  Conj           3%         2d6       99%         5
 Lightning Bolt           Conj/Air       1%         1d12      99%         5
 Metabolic Englaciation   Hex/Ice        1%         N/A       99%         5
 Silence                  Hex/Air        1%         N/A       99%         5
 Summon Mana Viper        Hex/Summ       3%         N/A       99%         5
 Death Channel            Necr           1%         N/A       100%        6
 Eringya's Noxious Bog    Tmut/Pois      5%         N/A       100%        6
 Freezing Cloud           Conj/Ice/Air   1%         6-21      100%        6
 Invisibility             Hex            3%         N/A       100%        6
 Shadow Creatures         Summ           N/A        N/A       100%        6
 Simulacrum               Ice/Necr       1%         N/A       100%        6
 Orb of Destruction       Conj           1%         N/A       100%        7
 Ozocubu's Refrigeration  Ice            1%         4d5       100%        7
 Spellforged Servitor     Conj/Summ      1%         N/A       100%        7
 Summon Hydra             Summ           1%         N/A       100%        7
 Chain Lightning          Conj/Air       1%         N/A       100%        8
 Discord                  Hex            1%         N/A       100%        8
 Disjunction              Tloc           12%        N/A       100%        8
 Ignition                 Fire           1%         3d3       100%        8
 Lehudib's Crystal Spear  Conj/Erth      9%         10d4      100%        8
 Absolute Zero            Ice            1%         ∞         100%        9
 Fire Storm               Conj/Fire      1%         8d1       100%        9
 Shatter                  Erth           16%        3d16*     100%        9
 Tornado                  Air            1%         N/A       100%        9


Dungeon Overview and Level Annotations

Branches:
Dungeon (15/15)            Temple (0/1) D:6            Lair (6/6) D:8
 Shoals (4/4) Lair:4       Spider (4/4) Lair:2        Slime (5/5) Lair:6
    Orc (2/2) D:12            Elf (3/3) Orc:2        Vaults (5/5) D:13
  Crypt (3/3) Vaults:2       Tomb (0/3) Crypt:3      Depths (5/5) D:15
   Hell (visited)             Zot (5/5) Depths:5
    Dis: Hell:1         Geh: Hell:1         Coc: Hell:1         Tar: Hell:1

Altars:
Dithmenos
Elyvilon
Gozag
Kikubaaqudgha
Makhleb
Nemelex Xobeh
Okawaru
Qazlal
Ru
Sif Muna
Trog
Vehumet
Wu Jian
Yredelemnul
The Shining One
Beogh
Jiyva
Lugonu

Shops:
D:7 [   D:8 *   D:14 [   Orc:2 :=(*[   Elf:3 [   Lair:1 ?   Vaults:3 (
Vaults:5 ?

Portals:
Hell: Lair:6 Depths:1 Depths:2 Depths:3 Depths:4 Depths:5
Abyss: Depths:1 Depths:2 Depths:4
Pandemonium: Depths:1 Depths:2 Depths:3

Annotations:
D:4 exclusion: door
D:8 exclusion: downstairs
Shoals:3 3 runed translucent doors, Loidof's ghost, adept MiFi
Slime:2 exclusion: upstairs
Slime:5 Royal Jelly
Elf:2 3 runed translucent doors
Vaults:2 Frederick
Crypt:1 1 transporter
Crypt:2 3 runed translucent doors, Ciwiv's ghost, veteran FoFi; Faniseus's ghost, veteran VSFi; Ymibon's ghost, veteran MiGl
Crypt:3 COME BACK FOR END LICH VAULT
Depths:3 2 transporters
Hell Geryon


Innate Abilities, Weirdness & Mutations

((You have claws for hands.))
A powerful demonic guardian rushes to your aid.
You resist negative energy. (rN+)
You are powered by pain.
You are somewhat able to resist unholy torments (1 in 2 success).
Your melee attacks may debilitate your foes.
((You are completely covered in razor-sharp scales. (AC +3, Slay +3)))
((You can translocate small distances at will.))
You are dopey. (Int -2)
You are frail. (-10% HP)
Your magical capacity is low. (-10% MP)
You are somewhat resistant to further mutation.


Message History

You don't know that spell.
You feel better.
Your Executioner barely misses Metaapnu.
Your Executioner misses Metaapnu.
Your Executioner hits Metaapnu but does no damage.
Metaapnu engulfs you.
Your Executioner misses Metaapnu.
Your Executioner completely misses Metaapnu.
Your Executioner closely misses Metaapnu.
The orange demon stings you but does no damage.
Metaapnu engulfs you!!!
* * * LOW HITPOINT WARNING * * *
The orange demon barely misses you.
A reaper comes into view.
It is wielding a +3 scythe of protection.
Your Executioner completely misses Metaapnu.
Your Executioner barely misses Metaapnu. x2
You cannot move.
You completely miss Metaapnu.
Metaapnu is lightly wounded.
Your Executioner hits Metaapnu!
Your Executioner completely misses Metaapnu. x2
Metaapnu engulfs you.
* * * LOW HITPOINT WARNING * * *
The orange demon stings you but does no damage.
The orange demon stings your Executioner but does no damage.
The orange demon misses your Executioner.
Your Executioner closely misses Metaapnu.
Your Executioner hits Metaapnu but does no damage.
Your Executioner misses Metaapnu. You hit Metaapnu but do no damage.
Metaapnu is lightly wounded.
Your Executioner hits Metaapnu!!
Your Executioner hits Metaapnu but does no damage. x2
Metaapnu engulfs you.
The orange demon stings you but does no damage. x2
Your Executioner hits Metaapnu!!
Your Executioner closely misses Metaapnu.
Your Executioner completely misses Metaapnu.
Metaapnu engulfs you!
You die...
Your body crumbles into a pile of gold.

##......####.####.#)####.#.#
#........#######...)..#.....
##.............##.##..#'#...#
#..#.###.###...#..#.#..#.....
##..........#..##..##.#'#.#..
#..#.#.####....##......#.....
##.#......##4..####.#######.#
#.#.#..#..#..1.#############
#...#.#.#.#♣&42432...§..244[
##.#.#..#..#.#.2...#...#.4.#.
#..#.##......#...#.).#...#...
#..#..####.#.#.....#...#...#.
#...#...................[#...
#....###.#.#.#..##..#....#...
##.............########.....#
##...#.....##.# ##.#.##
############## #####


You could see Metaapnu (ally target), a cacodemon, a reaper, a green death, a
soul eater, 3 orange demons and a friendly Executioner (summoned, fast).

Vanquished Creatures
  2 orbs of fire (Zot:5)
  Mennas (Depths:2)
  2 ancient liches
  A juggernaut (Depths:5)
  Boris (Crypt:1)
  4 Killer Klowns
  A curse toe (Zot:2)
  A caustic shrike (Depths:4)
  9 golden dragons
  A Brimstone Fiend (Depths:5)
  4 electric golems
  16 Orb Guardians
  4 tentacled monstrosities
  5 liches
  2 deep elf blademasters (Elf:3)
  11 acid blobs
  A deep elf master archer (Elf:3)
  A titan (Vaults:5)
  6 quicksilver dragons
  4 death cobs
  Frances (D:12)
  3 ancient champions
  8 sphinxes
  14 storm dragons
  8 tengu reavers
  Kirke (Spider:2)
  Donald (Shoals:2)
  14 shadow dragons
  8 azure jellies
  A draconian monk (Zot:2)
  6 draconian knights
  8 fire giants
  A caustic shrike zombie (Crypt:2)
  4 draconian scorchers
  6 ghost moths
  15 frost giants
  6 deep elf sorcerers
  8 emperor scorpions
  2 draconian stormcallers
  A juggernaut zombie (Depths:4)
  3 iron dragons
  8 vault wardens
  4 orc warlords
  3 draconian annihilators
  4 draconian shifters
  2 cacodemons
  3 war gargoyles (Crypt:3)
  4 deep elf elementalists
  21 very ugly things
  2 curse skulls
  4 ghouls
  8 ironheart preservers
  20 stone giants
  A spriggan defender (Depths:5)
  9 vampire knights
  A green draconian (Zot:4)
  A reaper (Depths:2)
  5 entropy weavers
  4 yellow draconians
  5 spark wasps
  4 deep elf annihilators
  5 black draconians
  A lorocyproca (Depths:5)
  5 deep elf demonologists
  5 purple draconians
  A dire elephant (Lair:5)
  5 white draconians
  6 red draconians
  A merfolk javelineer (Shoals:4)
  A death ooze (Slime:5)
  5 merfolk impalers
  8 deep elf death magi
  13 ettins
  An eidolon (Crypt:3)
  8 yaktaur captains
  4 deep elf high priests
  A mummy priest (Crypt:3)
  6 fire dragons
  14 great orbs of eyes
  Josephine (Spider:1)
  Harold (D:11)
  10 boulder beetles
  7 jiangshi (Crypt:2)
  Fannar (D:11)
  A monstrous demonspawn (Depths:1)
  6 rakshasas
  10 vault guards
  An alligator snapping turtle (Shoals:4)
  15 hydras
  Erolcha (Orc:2)
  2 merfolk aquamancers
  6 ogre magi
  4 spriggan air magi
  A hell beast (Zot:4)
  11 ice dragons
  4 centaur warriors
  A catoblepas (Lair:4)
  3 death knights
  11 deep troll earth magi
  5 tengu warriors
  10 deep troll shamans
  14 two-headed ogres
  A queen ant (Spider:2)
  5 orc high priests
  A titan zombie (Crypt:1)
  11 vampire magi
  6 death yaks
  Urug (D:12)
  2 sun demons
  6 spriggan berserkers
  14 hell knights
  4 deep elf knights
  The ghost of jestyr24 the Carver, a novice MiFi of Gozag (D:7)
  8 sea snakes
  A golden dragon zombie (Depths:4)
  A salamander mystic (Depths:3)
  3 shadow wraiths
  7 iron trolls
  15 skeletal warriors
  A spriggan druid (Elf:1)
  A storm dragon skeleton (Crypt:3)
  9 flayed ghosts
  3 unseen horrors
  A kraken simulacrum (Shoals:4)
  6 glowing orange brains
  A swamp dragon (shapeshifter) (Vaults:5)
  8 ironbrand convokers
  Pikel (D:5)
  A lindwurm (Lair:6)
  22 deep trolls
  20 phantasmal warriors
  3 necromancers
  3 wizards
  14 orc knights
  11 deep elf archers
  35 ugly things
  A sphinx zombie (Depths:4)
  18 deep elf zephyrmancers
  An orb spider (shapeshifter) (D:13)
  16 orb spiders
  24 deep elf pyromancers
  21 wolf spiders
  24 harpies
  4 oklob plants (Lair:6)
  8 cyclopes
  6 fauns
  A salamander (shapeshifter) (Vaults:3)
  A goliath frog skeleton (Crypt:1)
  A fire giant zombie (Depths:2)
  3 salamanders (Depths:3)
  2 iron dragon skeletons
  6 shining eyes
  16 manticores
  8 orc sorcerers
  9 vault sentinels
  6 water nymphs
  A guardian serpent (shapeshifter) (Vaults:4)
  A moth of wrath (shapeshifter) (Depths:4)
  An ice statue (Shoals:4)
  15 elephants
  Joseph (D:8)
  11 moths of wrath
  A torpor snail (Spider:3)
  2 black mambas (shapeshifter)
  7 black mambas
  2 rust devils
  6 merfolk sirens
  3 smoke demons
  4 eyes of devastation
  4 gargoyles (Crypt:3)
  24 yaktaurs
  8 orange demons
  2 cane toads (shapeshifter)
  21 cane toads
  5 komodo dragons
  A white draconian skeleton (Crypt:1)
  4 hellions
  12 rime drakes
  A kobold demonologist (D:13)
  3 ice devils
  7 freezing wraiths
  A yaktaur (shapeshifter) (Vaults:4)
  A tormentor (Depths:1)
  7 hellwings
  A guardian mummy (Crypt:3)
  4 tengu conjurers
  13 demonic crawlers
  24 merfolk
  24 jumping spiders
  13 red devils
  A troll (shapeshifter) (Zig:2)
  7 trolls
  2 tyrant leeches (D:15)
  5 wind drakes
  3 polar bears
  5 hornets
  Grinder (D:3)
  A guardian serpent zombie (Crypt:2)
  A hornet (shapeshifter) (Vaults:3)
  9 blink frogs
  A hydra skeleton (Crypt:3)
  8 snapping turtles
  8 dream sheep (Lair:5)
  2 meliai zombies
  The ghost of dickylongcocking the Conjurer, an amateur HuFE (D:3)
  65 slime creatures
  A stone giant simulacrum (Depths:2)
  A boulder beetle zombie (Crypt:2)
  71 redbacks
  A fire dragon skeleton (Crypt:3)
  12 wraiths
  4 flying skulls (Crypt:2)
  14 shadows
  3 air elementals
  8 wyverns
  3 spriggans
  13 water elementals
  A tarantella (shapeshifter) (Vaults:4)
  A black mamba skeleton (Crypt:2)
  27 tarantellas
  4 vampires
  A fire elemental (Elf:2)
  2 fire bats (Lair:3)
  2 ushabtiu (Crypt:3)
  A hog (Spider:2)
  8 golden eyes (Slime:3)
  A steam dragon (D:13)
  A basilisk (shapeshifter) (Vaults:3)
  5 basilisks
  A steam dragon (shapeshifter) (Vaults:5)
  51 yaks
  10 vampire mosquitoes
  9 wargs
  17 water moccasins
  4 acid dragons
  21 soldier ants (Spider:2)
  10 hell hounds
  A soldier ant (shapeshifter) (D:13)
  A floating eye (shapeshifter) (Vaults:5)
  2 floating eyes (Depths:5)
  4 ice beasts
  55 orc warriors
  6 black bears
  7 necrophages
  4 sky beasts
  25 ogres
  14 centaurs
  4 eyes of draining
  15 wolves
  A tengu (shapeshifter) (Vaults:5)
  8 phantoms
  A snapping turtle skeleton (Crypt:3)
  3 boggarts (Vaults:1)
  4 kobold brigands
  33 bullfrogs
  2 elf skeletons (Crypt:2)
  An earth elemental (Elf:2)
  A wyvern zombie (D:12)
  A glowing shapeshifter simulacrum (Depths:4)
  A troll zombie (D:12)
  5 scorpions
  A water moccasin skeleton (D:11)
  19 killer bees
  20 wights
  A wolf zombie (Crypt:2)
  4 electric eels
  3 howler monkeys
  A lava snake (Elf:2)
  11 crimson imps
  4 human zombies (Crypt:2)
  A gnoll shaman (D:5)
  4 hounds
  4 quasits
  5 centaur zombies
  36 orc priests
  11 jellies
  A soldier ant zombie (Crypt:1)
  5 bullfrog skeletons
  7 centaur skeletons
  Jessica (D:2)
  A human skeleton (D:4)
  Natasha (thrice) (D:2)
  7 iguanas
  35 orc wizards
  26 worker ants
  A felid zombie (Crypt:1)
  7 ogre zombies (D:12)
  12 mummies
  25 gnolls
  12 adders
  A shadow imp (D:5)
  A swamp drake skeleton (Crypt:2)
  6 white imps
  6 oozes
  An adder zombie (D:9)
  4 adder skeletons
  A halfling skeleton (Crypt:2)
  2 worms
  4 dart slugs
  A leopard gecko (D:4)
  130 orcs
  6 bats
  2 giant cockroaches (D:4)
  15 goblins
  9 hobgoblins
  6 jackals
  2 quokkas (D:4)
  A ball python skeleton (D:4)
  7 frilled lizards
  2 goblin skeletons (D:12)
  2 goblin zombies (D:12)
  2 hobgoblin skeletons (D:12)
  2 hobgoblin zombies (D:12)
  36 kobolds
  A kobold zombie (Crypt:1)
  17 orc zombies (D:12)
  A quokka zombie (D:6)
  4 rats
  A tentacle (Shoals:4)
2331 creatures vanquished.

Vanquished Creatures (collateral kills)
  2 Killer Klowns (Zot:5)
  Saint Roka (Vaults:2)
  2 golden dragons
  Jorgrun (Spider:2)
  3 tentacled monstrosities
  9 Orb Guardians (Zot:5)
  2 quicksilver dragons
  2 acid blobs
  A death cob (Zot:2)
  A sphinx (D:12)
  3 storm dragons
  3 shadow dragons
  A frost giant (Depths:5)
  A draconian scorcher (Zot:1)
  A deep elf sorcerer (Elf:3)
  2 vault wardens
  A ghoul (Crypt:1)
  2 very ugly things
  2 deep elf elementalists
  A stone giant (Vaults:5)
  5 ironheart preservers
  A vampire knight (Crypt:1)
  4 green draconians
  4 deep elf annihilators
  2 white draconians
  4 yellow draconians
  A black draconian (Zot:5)
  2 deep elf demonologists
  A purple draconian (Zot:2)
  An entropy weaver (Spider:1)
  A spark wasp (Depths:2)
  2 red draconians
  An eidolon (Vaults:2)
  2 jiangshi (Vaults:2)
  4 deep elf death magi (Elf:3)
  3 deep elf high priests
  3 fire dragons
  An ettin (Vaults:3)
  A boulder beetle (Vaults:2)
  A hydra (D:11)
  3 yaktaur captains
  An ice dragon (Depths:4)
  5 vault guards (Vaults:5)
  An alligator snapping turtle (Shoals:3)
  3 centaur warriors
  An ogre mage (Vaults:2)
  A deep troll shaman (Depths:4)
  2 dancing weapons (Elf:3)
  A shadow wraith (Crypt:2)
  An iron troll (Depths:4)
  A deep elf knight (Vaults:5)
  A skeletal warrior (Vaults:2)
  An orc sorcerer (Vaults:2)
  A sea snake (Shoals:2)
  2 flayed ghosts
  2 deep trolls (Vaults:5)
  4 deep elf archers
  A phantasmal warrior (Crypt:3)
  An orc knight (Vaults:5)
  An orb spider (Spider:2)
  2 deep elf pyromancers (Elf:3)
  5 deep elf zephyrmancers
  5 wolf spiders
  An ugly thing (Vaults:1)
  3 manticores
  A cyclops (Vaults:2)
  3 moths of wrath
  A vault sentinel (Vaults:2)
  A merfolk siren (Shoals:1)
  A freezing wraith (Vaults:2)
  4 yaktaurs
  2 polar bears (shapeshifter) (Vaults:2)
  2 jumping spiders
  6 merfolk
  A hornet (Vaults:5)
  A dream sheep (Shoals:4)
  2 wind drakes
  12 slime creatures
  6 redbacks
  A water elemental (Shoals:3)
  4 soldier ants (Spider:2)
  A faun skeleton (Crypt:1)
  3 orc warriors
  An eye of draining (shapeshifter) (Vaults:2)
  An eye of draining (Slime:3)
  2 ogres (Vaults:2)
  A centaur (D:13)
  An orc priest (Orc:1)
  An orc wizard (Vaults:4)
  2 worker ants (Spider:2)
  An orc (Vaults:4)
  2 bushes (Shoals:2)
  A butterfly (Lair:6)
200 creatures vanquished.

Vanquished Creatures (others)
  A dread lich (Vaults:5)
  An ancient lich (Vaults:5)
  2 orbs of fire (Zot:5)
  A deep elf master archer (Elf:3)
  8 tentacled monstrosities
  3 Orb Guardians (Zot:5)
  2 titans (Vaults:5)
  An Executioner (Depths:5)
  2 death cobs
  A sphinx (Vaults:5)
  A storm dragon (Zot:2)
  3 tengu reavers (Vaults:5)
  2 frost giants
  A deep elf sorcerer (Elf:3)
  3 vault wardens
  A draconian shifter (Zot:2)
  A deep elf elementalist (Elf:3)
  2 ironheart preservers
  A draconian annihilator (Zot:2)
  A draconian stormcaller (Zot:4)
  A vampire knight (Depths:5)
  A deep elf demonologist (Elf:3)
  2 green draconians
  2 black draconians
  2 deep elf annihilators
  A purple draconian (Zot:2)
  A stone giant (Vaults:2)
  2 yellow draconians
  3 red draconians
  2 merfolk javelineers (Shoals:4)
  3 ettins (Vaults:5)
  A deep elf high priest (Vaults:5)
  A merfolk impaler (Shoals:4)
  5 yaktaur captains (Vaults:5)
  15 vault guards (Vaults:5)
  A rakshasa (Vaults:2)
  An ogre mage (Vaults:2)
  2 merfolk avatars (Shoals:2)
  A satyr (Shoals:4)
  8 two-headed ogres (Vaults:2)
  10 dancing weapons
  A deep elf knight (Elf:3)
  3 deep trolls
  A shadow wraith (Vaults:5)
  A glowing orange brain (Vaults:1)
  2 deep elf archers
  A flayed ghost (Vaults:2)
  An ironbrand convoker (Vaults:5)
  3 harpies
  4 deep elf pyromancers
  4 deep elf zephyrmancers
  2 wolf spiders (Spider:4)
  An ugly thing (Vaults:1)
  A manticore (Shoals:4)
  2 fauns (Shoals:2)
  A moth of wrath (Zot:2)
  A faun (shapeshifter) (Vaults:5)
  4 vault sentinels (Vaults:5)
  4 merfolk sirens
  A torpor snail (shapeshifter) (Vaults:5)
  A water nymph (Shoals:4)
  A tengu conjurer (D:14)
  A yaktaur (Vaults:5)
  A wind drake (Shoals:4)
  10 merfolk
  A stone giant simulacrum (Vaults:1)
  A snapping turtle (Shoals:4)
  A dream sheep (Shoals:4)
  A tarantella (Spider:2)
  A water elemental (Shoals:4)
  4 humans (Spider:3)
  A warg (Vaults:5)
  2 acid dragons
  2 orc warriors
  An ogre (Vaults:2)
  2 orc priests
  2 orc wizards
  A shadow imp (Depths:5)
  2 orcs (Vaults:2)
  A butterfly (Lair:6)
  45 fungi
  151 plants
  20 tentacles (Shoals:4)
  2 withered plants (Crypt:3)
396 creatures vanquished.

Grand Total: 2927 creatures vanquished

Notes
Turn   | Place    | Note
-------+----------+-------------------------------------------
     0 | D:1      | dolemite99 the Demonspawn Hunter began the quest for the
                  | Orb.
     0 | D:1      | Reached XP level 1. HP: 16/16 MP: 1/1
  1054 | D:1      | Gained mutation: You are partially covered in razor-sharp
                  | scales. (AC +1, Slay +1) [demonic ancestry]
  1054 | D:1      | Reached XP level 2. HP: 22/22 MP: 2/2
  1766 | D:2      | Reached XP level 3. HP: 27/27 MP: 3/3
  2042 | D:2      | Found a sacrificial altar of Ru.
  2305 | D:2      | Noticed Natasha
  2317 | D:2      | Killed Natasha
  2318 | D:2      | Reached skill level 5 in Bows
  2318 | D:2      | Gained mutation: You have sharp fingernails. [demonic
                  | ancestry]
  2318 | D:2      | Reached XP level 4. HP: 30/33 MP: 4/4
  2495 | D:2      | Noticed Jessica
  2501 | D:2      | Killed Jessica
  2587 | D:2      | Gained mutation: You are mostly covered in razor-sharp
                  | scales. (AC +2, Slay +2) [demonic ancestry]
  2587 | D:2      | Reached XP level 5. HP: 34/38 MP: 5/5
  2622 | D:2      | Found an opulent altar of Gozag.
  2772 | D:2      | Noticed Natasha
  2784 | D:2      | Killed Natasha
  3642 | D:2      | Noticed Natasha
  3657 | D:2      | Killed Natasha
  4370 | D:3      | Gained mutation: You sometimes gain a little power by
                  | taking damage. [demonic ancestry]
  4370 | D:3      | Reached XP level 6. HP: 27/44 MP: 6/6
  5340 | D:2      | Became a worshipper of Gozag Ym Sagoz the Greedy
  6071 | D:3      | Found a runed translucent gate.
  6071 | D:3      | Found a runed translucent gate.
  6078 | D:3      | Found a runed translucent gate.
  6085 | D:3      | Noticed dickylongcocking's ghost (amateur HuFE)
  6282 | D:3      | Noticed Grinder
  6489 | D:4      | Reached skill level 1 in Polearms
  7086 | D:4      | Gained mutation: You sometimes gain power by taking damage.
                  | [demonic ancestry]
  7086 | D:4      | Reached XP level 7. HP: 22/51 MP: 7/7
  8107 | D:5      | Entered Level 5 of the Dungeon
  8249 | D:5      | Noticed Pikel
  8675 | D:5      | Killed Pikel
  8676 | D:5      | Gained mutation: You are powered by pain. [demonic
                  | ancestry]
  8676 | D:5      | Reached XP level 8. HP: 41/57 MP: 8/8
  9518 | D:5      | Found a radiant altar of Vehumet.
 10686 | D:6      | Found a basalt altar of Yredelemnul.
 10705 | D:6      | Reached XP level 9. HP: 46/62 MP: 9/9
 10892 | D:6      | Identified the +5 spear of Dishonour {flame, rF+}
 11101 | D:6      | Found a staircase to the Ecumenical Temple.
 11317 | D:7      | Noticed jestyr24's ghost (novice MiFi)
 11328 | D:7      | Noticed a moth of wrath
 11336 | D:7      | Found a transporter.
 11373 | D:7      | Found a transporter.
 11467 | D:7      | Found a bloodstained altar of Trog.
 11620 | D:7      | Found an ancient bone altar of Kikubaaqudgha.
 11959 | D:8      | Found a stormy altar of Qazlal.
 12119 | D:7      | Bought a slimy helmet for 237 gold pieces
 12119 | D:7      | Identified the +1 helmet "Xeegoocw" {Regen+} (You bought it
                  | in a shop on level 7 of the Dungeon)
 12216 | D:8      | Found a shadowy altar of Dithmenos.
 12275 | D:8      | Noticed an elephant
 12332 | D:8      | Killed an elephant
 12616 | D:8      | Found a staircase to the Lair.
 12711 | D:8      | Reached skill level 1 in Armour
 12770 | D:8      | Identified the +11 rapier of Valiance {drain, *Noise +Fly
                  | Dex+4}
 12981 | D:8      | Noticed Joseph
 12997 | D:8      | Paralysed by Joseph for 2 turns
 13244 | D:8      | Paralysed by Joseph for 7 turns
 13260 | D:8      | Killed Joseph
 13261 | D:8      | Reached XP level 10. HP: 54/69 MP: 10/10
 13524 | D:9      | Found a shimmering blue altar of Sif Muna.
 13696 | D:9      | Found a sparkling altar of Nemelex Xobeh.
 14395 | D:10     | Entered Level 10 of the Dungeon
 14421 | D:10     | Reached skill level 1 in Evocations
 14619 | D:10     | Noticed a six-headed hydra
 14753 | D:10     | Killed a six-headed hydra
 14754 | D:10     | Reached skill level 5 in Evocations
 14867 | D:10     | Found a shadowy altar of Dithmenos.
 15353 | D:11     | Noticed a white ugly thing
 15439 | Lair:1   | Entered Level 1 of the Lair of Beasts
 15479 | Lair:1   | Noticed a cane toad
 15481 | Lair:1   | Killed a cane toad
 15577 | Lair:1   | Reached XP level 11. HP: 69/75 MP: 11/11
 16551 | Lair:1   | Identified the +4 chain mail of Courage {Harm rC+ Dex-5}
 16562 | Lair:1   | Bought a scroll of blinking for 97 gold pieces
 16562 | Lair:1   | Bought a scroll of brand weapon for 260 gold pieces
 16691 | Lair:2   | Noticed an eight-headed hydra
 16703 | Lair:2   | Killed an eight-headed hydra
 16705 | Lair:2   | Noticed a five-headed hydra
 16715 | Lair:2   | Killed a five-headed hydra
 16716 | Lair:2   | Reached skill level 5 in Fighting
 16906 | Lair:2   | You fall into a shaft and drop 2 floors!
 17414 | Lair:3   | Noticed an eight-headed hydra
 17430 | Lair:3   | Killed an eight-headed hydra
 17478 | Lair:2   | Found a hole to the Spider Nest.
 17640 | Lair:2   | Gained mutation: You have very sharp fingernails. [demonic
                  | ancestry]
 17640 | Lair:2   | Reached XP level 12. HP: 83/96 MP: 12/12
 18269 | Lair:3   | Reached skill level 10 in Fighting
 18346 | Lair:1   | Bought a scroll of teleportation for 39 gold pieces
 18346 | Lair:1   | Bought a scroll of teleportation for 39 gold pieces
 18346 | Lair:1   | Bought a scroll of teleportation for 39 gold pieces
 18346 | Lair:1   | Bought a scroll of teleportation for 39 gold pieces
 18346 | Lair:1   | Bought a scroll of identify for 26 gold pieces
 18350 | Lair:1   | Bought a scroll of magic mapping for 45 gold pieces
 18350 | Lair:1   | Bought a scroll of magic mapping for 45 gold pieces
 18350 | Lair:1   | Bought a scroll of fog for 26 gold pieces
 18350 | Lair:1   | Bought a scroll of identify for 26 gold pieces
 18465 | Lair:3   | Noticed an eight-headed hydra
 18476 | Lair:3   | Killed an eight-headed hydra
 18861 | Lair:3   | Identified the +1 ring mail "Pifestryru" {rF+ rCorr Str-4
                  | Dex+6}
 19045 | Lair:3   | Noticed a six-headed hydra
 19070 | Lair:3   | Killed a six-headed hydra
 19071 | Lair:3   | Reached skill level 5 in Armour
 20033 | Lair:4   | Noticed a catoblepas
 20046 | Lair:4   | Killed a catoblepas
 20307 | Lair:4   | Noticed a four-headed hydra
 20321 | Lair:4   | Killed a four-headed hydra
 21061 | Lair:4   | Found a staircase to the Shoals.
 21891 | D:11     | Noticed Fannar
 22004 | D:11     | Noticed Harold
 22025 | D:11     | Killed Harold
 22288 | D:11     | Gained mutation: A weak demonic guardian rushes to your
                  | aid. [demonic ancestry]
 22288 | D:11     | Reached XP level 13. HP: 97/105 MP: 13/13
 22456 | D:11     | Identified the +1 flail of Astov {holy, rElec Will+ MP-9
                  | Int+3}
 23238 | D:3      | Paralysed by Grinder for 4 turns
 23245 | D:3      | Paralysed by Grinder for 6 turns
 23252 | D:3      | Killed Grinder
 23343 | D:3      | Found an iron altar of Okawaru.
 23432 | D:3      | Killed dickylongcocking's ghost
 23807 | Lair:5   | Reached skill level 10 in Armour
 23861 | Lair:5   | You fall into a shaft and drop 1 floor!
 23861 | Lair:6   | Entered Level 6 of the Lair of Beasts
 23861 | Lair:6   | Found a staircase to the Slime Pits.
 25351 | Lair:5   | Reached skill level 5 in Dodging
 25482 | Lair:5   | Noticed a dire elephant
 25581 | Lair:5   | Killed a dire elephant
 26181 | D:8      | Bought a box of beasts for 640 gold pieces
 26181 | D:8      | Bought a +3 chain mail of cold resistance for 424 gold
                  | pieces
 26305 | D:12     | Found a staircase to the Orcish Mines.
 26892 | D:11     | Killed Fannar
 28463 | Lair:5   | Reached XP level 14. HP: 110/111 MP: 14/14
 29348 | Lair:6   | Reached skill level 10 in Polearms
 31129 | Lair:6   | Found a burning altar of Makhleb.
 32603 | D:12     | Noticed a tengu reaver
 32603 | D:12     | Noticed an orc warlord
 32603 | D:12     | Noticed a tengu reaver
 32604 | D:12     | Noticed a sphinx
 32637 | D:12     | Killed an orc warlord
 32862 | Orc:1    | Entered Level 1 of the Orcish Mines
 33070 | Orc:1    | Paralysed by an orc sorcerer for 4 turns
 33360 | Orc:2    | Entered Level 2 of the Orcish Mines
 33456 | Orc:2    | Found Jicekarosm's Book Shoppe.
 33898 | Orc:2    | Found a staircase to the Elven Halls.
 33967 | Orc:1    | Noticed an orc warlord
 34020 | Orc:1    | Killed an orc warlord
 34366 | Orc:1    | You fall into a shaft and drop 1 floor!
 34876 | Orc:2    | Gained mutation: You resist negative energy. (rN+) [demonic
                  | ancestry]
 34876 | Orc:2    | Reached XP level 15. HP: 111/116 MP: 15/15
 34877 | Orc:2    | Paralysed by an orc sorcerer for 7 turns
 35496 | Orc:2    | Noticed Erolcha
 35512 | Orc:2    | Killed Erolcha
 35539 | Orc:2    | Noticed an orc warlord
 35567 | Orc:2    | Killed an orc warlord
 36351 | Orc:2    | Paralysed by an orc sorcerer for 4 turns
 37055 | Orc:2    | Found Nifaploz's Antique Armour Emporium.
 37056 | Orc:2    | Found Diskos's Antique Weapon Emporium.
 37058 | Orc:2    | Found Varautax's General Store.
 37058 | Orc:2    | Found Izyfasus's Jewellery Shoppe.
 37076 | Orc:2    | Bought an iridescent halberd for 297 gold pieces
 37076 | Orc:2    | Identified the +4 halberd of the Wraith {freeze, rElec}
                  | (You bought it in a shop on level 2 of the Orcish Mines)
 37369 | D:7      | Bought a glowing plate armour for 650 gold pieces
 37435 | D:7      | Killed jestyr24's ghost
 37691 | D:12     | Noticed Frances
 37709 | D:12     | Killed Frances
 37928 | D:12     | Noticed Urug
 37955 | D:12     | Killed Urug
 38146 | D:12     | Reached skill level 15 in Polearms
 38391 | D:12     | Killed a tengu reaver
 38749 | D:12     | Killed a tengu reaver
 38873 | D:12     | Killed a sphinx
 41445 | D:13     | Found a gate to the Vaults.
 42275 | D:13     | Identified the Disquisition on Mutagenic Combat Magic
 42989 | D:14     | Gained mutation: You are somewhat able to resist unholy
                  | torments (1 in 2 success). [demonic ancestry]
 42989 | D:14     | Reached XP level 16. HP: 83/127 MP: 16/16
 43397 | D:14     | Found Sifutin's Armour Shoppe.
 43425 | D:14     | Bought the +0 pair of boots of Distant Worlds {rElec Will+
                  | Regen+} for 409 gold pieces
 43624 | D:14     | Reached skill level 10 in Bows
 44414 | D:15     | Entered Level 15 of the Dungeon
 45658 | D:15     | Paralysed by something for 5 turns
 45819 | D:15     | Found the +12 Vampire's Tooth {vamp}
 46248 | D:15     | Found a staircase to the Depths.
 47129 | Lair:6   | Found a gateway to Hell.
 47852 | Lair:6   | Found the macabre finger necklace {rN+}
 47958 | Shoals:1 | Entered Level 1 of the Shoals
 49334 | Shoals:2 | Noticed Donald
 49614 | Shoals:2 | Identified the +6 scimitar of Righteous Fury {vorpal, +Fly
                  | rN+ Will+ Dex+2}
 50784 | Shoals:3 | Found a runed translucent gate.
 50784 | Shoals:3 | Found a runed translucent gate.
 50784 | Shoals:3 | Found a runed translucent gate.
 50803 | Shoals:3 | Noticed Loidof's ghost (adept MiFi)
 51498 | Shoals:3 | Gained mutation: You have claws for hands. [demonic
                  | ancestry]
 51498 | Shoals:3 | Reached XP level 17. HP: 133/133 MP: 15/17
 51670 | Shoals:4 | Entered Level 4 of the Shoals
 53539 | Shoals:4 | Noticed a kraken
 54551 | Shoals:4 | Reached skill level 15 in Bows
 54917 | Shoals:4 | Got a barnacled rune of Zot
 55109 | Shoals:4 | Identified the +1 scimitar of the Glimmering Fool {drain,
                  | Dex+4}
 55225 | Shoals:2 | Killed Donald
 55555 | Hell     | Entered the Vestibule of Hell
 55555 | Hell     | Noticed Geryon
 55925 | Orc:2    | Bought a ring of poison resistance for 300 gold pieces
 55925 | Orc:2    | Bought a ring of protection from fire for 375 gold pieces
 56215 | Spider:1 | Entered Level 1 of the Spider Nest
 56629 | Spider:1 | Noticed Josephine
 56647 | Spider:1 | Killed Josephine
 58308 | Spider:2 | Noticed Jorgrun
 58338 | Spider:2 | Killed Jorgrun
 58957 | Spider:3 | Noticed Kirke
 59158 | Spider:2 | Killed Kirke
 59159 | Spider:2 | Reached XP level 18. HP: 147/147 MP: 18/18
 59714 | Spider:3 | Reached skill level 15 in Fighting
 60845 | Vaults:1 | Entered Level 1 of the Vaults
 63094 | Vaults:2 | Noticed Frederick
 63768 | Vaults:2 | Noticed Saint Roka
 63810 | Vaults:2 | Killed Saint Roka
 63973 | Vaults:2 | Found a staircase to the Crypt.
 64468 | Orc:2    | Bought the ring of Obsession {rN+ SInv} for 393 gold pieces
 64826 | Spider:4 | Entered Level 4 of the Spider Nest
 66775 | Spider:4 | Got a gossamer rune of Zot
 66797 | Spider:4 | Upgraded the game from 0.27-a0-592-g0306a34022 to
                  | 0.27-a0-597-g524d869a0f
 67284 | Vaults:3 | Found Honleott's Antique Weapon Shop.
 67289 | Vaults:3 | Bought a fine battleaxe for 253 gold pieces
 67289 | Vaults:3 | Identified the +6 battleaxe of Watchfulness {elec, Int+3}
                  | (You bought it in a shop on level 3 of the Vaults)
 67320 | Vaults:3 | Identified the +0 ring mail of Thoughtfulness {rPois rF++
                  | Regen+ Dex-5}
 67795 | Vaults:3 | Reached XP level 19. HP: 138/157 MP: 19/19
 68432 | D:7      | Bought a bloodstained crystal plate armour for 2125 gold
                  | pieces
 68432 | D:7      | Identified the +1 crystal plate armour "Uwiceguy" {*Slow
                  | Will++ Int+4 Slay+6} (You bought it in a shop on level 7 of
                  | the Dungeon)
 72250 | Vaults:4 | Gained mutation: You are completely covered in razor-sharp
                  | scales. (AC +3, Slay +3) [demonic ancestry]
 72250 | Vaults:4 | Reached XP level 20. HP: 139/165 MP: 14/20
 73587 | D:7      | Bought a slimy crystal plate armour for 2125 gold pieces
 73587 | D:7      | Identified the +7 crystal plate armour of Sandy the Good
                  | {Str+3 Stlth+} (You bought it in a shop on level 7 of the
                  | Dungeon)
 73779 | Elf:1    | Entered Level 1 of the Elven Halls
 74135 | Elf:1    | Identified a scroll of acquirement
 74141 | Elf:1    | Acquired 748 gold pieces
 74611 | Elf:1    | Identified the Grimoire of the Slorg
 74795 | Elf:2    | Found a runed translucent gate.
 74795 | Elf:2    | Found a runed translucent gate.
 74806 | Elf:2    | Found a runed translucent gate.
 74979 | Elf:2    | Found Qaox Cymnoext's Elven Fire.
 75832 | Depths:1 | Entered Level 1 of the Depths
 75832 | Depths:1 | Found a one-way gate to the infinite horrors of the Abyss.
 76072 | Depths:1 | Noticed a golden dragon
 76109 | D:15     | Killed a golden dragon
 76410 | Depths:1 | Found a one-way gate leading to the halls of Pandemonium.
 76612 | Depths:1 | Found a gateway to a ziggurat.
 78271 | Depths:2 | Gained mutation: A demonic guardian rushes to your aid.
                  | [demonic ancestry]
 78271 | Depths:2 | Reached XP level 21. HP: 155/177 MP: 19/21
 78482 | Depths:2 | Found a corrupted altar of Lugonu.
 78773 | Depths:3 | Found a transporter.
 78779 | Depths:3 | Found a transporter.
 79773 | Depths:3 | Found a viscous altar of Jiyva.
 80369 | Depths:3 | Found an ornate altar of the Wu Jian Council.
 80803 | Depths:4 | Noticed a caustic shrike
 80834 | Depths:4 | Killed a caustic shrike
 80903 | Depths:4 | Identified the ring "Kair" {Fire Str+3 Dex-4 Slay+3 SInv}
 81910 | Depths:4 | Noticed Mennas
 81945 | Depths:4 | HP: 9/180 [smoke demon/divine providence (9)]
 82912 | Elf:3    | Entered Level 3 of the Elven Halls
 83256 | Elf:3    | Reached XP level 22. HP: 186/188 MP: 20/22
 83306 | Elf:3    | Identified the +3 great sword of Dalad {freeze, rElec
                  | Str+3} (You took it off a deep elf pyromancer on level 3 of
                  | the Elven Halls)
 83306 | Elf:3    | Identified the ring "Olug" {rF- Will+ Str+6 Stlth+} (You
                  | took it off a deep elf pyromancer on level 3 of the Elven
                  | Halls)
 83371 | Elf:3    | Identified the +1 leather armour of Leapfrog {*Drain Slay+4
                  | SInv Stlth+} (You took it off a deep elf demonologist on
                  | level 3 of the Elven Halls)
 83385 | Elf:3    | Identified the +3 chain mail of Enweski {rPois Str+5 Int-2
                  | SInv}
 83385 | Elf:3    | Identified the ring "Qawk" {Fire Int+4}
 83530 | Elf:3    | Identified the +1 plate armour of Fedhas's Reproof {rElec
                  | Str+4}
 83871 | Elf:3    | Found Ylunn's Armour Shoppe.
 84049 | Elf:3    | Identified the +6 plate armour "Zoafiono" {Str+2}
 84498 | Crypt:1  | Entered Level 1 of the Crypt
 85319 | Crypt:1  | Noticed Boris
 85335 | Crypt:1  | Killed Boris
 85827 | Crypt:1  | Identified Sorequos's Guide on the Compass
 86111 | Crypt:1  | Found a transporter.
 86112 | Crypt:1  | Found a radiant altar of Vehumet.
 86232 | Crypt:1  | Noticed a dread lich
 86355 | Crypt:1  | Noticed a dread lich
 86426 | Crypt:1  | Reached skill level 10 in Evocations
 87065 | Crypt:2  | Paralysed by a vampire knight for 6 turns
 87461 | Crypt:2  | Found a basalt altar of Yredelemnul.
 87809 | Crypt:2  | Found a runed translucent gate.
 87809 | Crypt:2  | Found an ancient bone altar of Kikubaaqudgha.
 87809 | Crypt:2  | Found a runed translucent gate.
 87809 | Crypt:2  | Noticed Ymibon's ghost (veteran MiGl)
 87809 | Crypt:2  | Noticed Faniseus's ghost (veteran VSFi)
 87809 | Crypt:2  | Noticed a dread lich
 87809 | Crypt:2  | Noticed Ciwiv's ghost (veteran FoFi)
 87810 | Crypt:2  | Found a runed translucent gate.
 88155 | Crypt:3  | Entered Level 3 of the Crypt
 88737 | Crypt:3  | Learned a level 2 spell: Blink
 88783 | Crypt:3  | Reached skill level 1 in Translocations
 88981 | Crypt:3  | Identified the ring "Paegitriedi" {rN+ Str+5}
 88981 | Crypt:3  | Identified the amulet "Fiocliem" {Regen+ MP+9}
 88981 | Crypt:3  | Identified the ring "Ozevot" {rN+ Str+4}
 89847 | Crypt:3  | Found a staircase to the Tomb.
 89847 | Crypt:3  | Noticed an ancient lich
 89867 | Crypt:3  | Killed an ancient lich
 89868 | Crypt:3  | Reached skill level 5 in Translocations
 89868 | Crypt:3  | Reached XP level 23. HP: 150/196 MP: 23/23
 90335 | Crypt:3  | Found an ancient bone altar of Kikubaaqudgha.
 90829 | Crypt:3  | Found the +13 scythe of Curses {drain, *Drain}
 90836 | Crypt:3  | Identified the ring of Cyariw {*Corrode +Fly Will+++ MP+9
                  | Int+2}
 91081 | Crypt:3  | Identified the ring "Deviria" {rElec rPois rN+ EV+4 Str+3}
 91265 | Vaults:5 | Entered Level 5 of the Vaults
 91270 | Vaults:5 | Noticed an ancient lich
 91577 | Vaults:5 | Got a silver rune of Zot
 91603 | Vaults:5 | Noticed a dread lich
 91634 | Vaults:5 | Killed a dread lich
 91880 | Vaults:5 | Reached skill level 1 in Spellcasting
 91938 | Vaults:5 | Found the +3 Elemental Staff {rElec rF++ rC++ Will++ AC+5}
 91941 | Vaults:5 | Identified the ring of the Kangaroo {rPois rN+ Str+6 SInv}
 92382 | Vaults:5 | Reached skill level 5 in Spellcasting
 92578 | Vaults:5 | Identified the Papyrus of Igneous Clay
 92707 | Vaults:5 | Identified the +1 ring mail of the Devil's Team {rF+ MP+9
                  | Str+6}
 93006 | Vaults:5 | Identified the +6 rapier "Fuesob" {freeze, Dex+2 Stlth+}
 93493 | Vaults:5 | Found Qiukku's Magic Scroll Shoppe.
 93526 | Vaults:5 | Bought a scroll of enchant weapon for 135 gold pieces
 93526 | Vaults:5 | Bought a scroll of enchant weapon for 135 gold pieces
 93530 | Vaults:5 | Bought a scroll of teleportation for 54 gold pieces
 94119 | Depths:4 | Learned a level 1 spell: Apportation
 94504 | Depths:5 | Entered Level 5 of the Depths
 94788 | Depths:5 | Found an opulent altar of Gozag.
 94790 | Depths:5 | Found an iron altar of Okawaru.
 94822 | Depths:5 | Noticed a juggernaut
 94840 | Depths:5 | Killed a juggernaut
 95039 | Depths:5 | Found a gate to the Realm of Zot.
 95138 | Depths:5 | Found an ancient bone altar of Kikubaaqudgha.
 95379 | Depths:5 | Paralysed by a great orb of eyes for 6 turns
 95382 | Depths:5 | Gained mutation: Your melee attacks may debilitate your
                  | foes. [demonic ancestry]
 95382 | Depths:5 | Reached XP level 24. HP: 185/204 MP: 25/30
 95893 | Depths:5 | Reached skill level 15 in Armour
 96084 | Depths:5 | Identified the +1 flail of Radicalism {vorpal, *Noise +Rage
                  | rC+}
 96463 | Depths:5 | Identified the ring of Ravusiw {rElec rCorr Int+2 Dex+4
                  | Slay+2}
 97030 | Zot:1    | Entered Level 1 of the Realm of Zot
 97929 | Zot:1    | Reached skill level 10 in Dodging
100148 | Zot:3    | Noticed a Killer Klown
100156 | Zot:3    | Killed a Killer Klown
100157 | Zot:3    | Reached XP level 25. HP: 210/210 MP: 30/30
100721 | Zot:4    | Reached skill level 15 in Dodging
102408 | Depths:2 | Killed Mennas
102960 | Slime:1  | Entered Level 1 of the Pits of Slime
104579 | Slime:3  | Gained mutation: Your body sometimes deteriorates upon
                  | taking damage. [a shining eye]
104737 | Slime:3  | Gained mutation: You are weak. (Str -2) [a shining eye]
104748 | Slime:3  | Gained mutation: You tend to lose your temper in combat. [a
                  | shining eye]
104756 | Slime:3  | Gained mutation: Scrolls take you a little longer to read.
                  | [a shining eye]
105565 | Slime:5  | Entered Level 5 of the Pits of Slime
106193 | Slime:5  | Gained mutation: Your magical capacity is low. (-10% MP) [a
                  | shining eye]
106203 | Slime:5  | Gained mutation: Armour fits poorly on your strangely
                  | shaped body. [a shining eye]
106210 | Slime:5  | Noticed the Royal Jelly
106729 | Slime:5  | Found a viscous altar of Jiyva.
107430 | Zig:1    | Entered Level 1 of a ziggurat
107650 | Zig:2    | Entered Level 2 of a ziggurat
107702 | Zig:2    | Gained mutation: A powerful demonic guardian rushes to your
                  | aid. [demonic ancestry]
107702 | Zig:2    | Reached XP level 26. HP: 219/219 MP: 22/27
107724 | Zig:3    | Entered Level 3 of a ziggurat
107976 | Zig:4    | Entered Level 4 of a ziggurat
108536 | Zot:2    | Lost mutation: Your magical capacity is low. (-10% MP)
                  | [potion of mutation]
108536 | Zot:2    | Lost mutation: Your body sometimes deteriorates upon taking
                  | damage. [potion of mutation]
108536 | Zot:2    | Lost mutation: Scrolls take you a little longer to read.
                  | [potion of mutation]
108536 | Zot:2    | Gained mutation: You passively map a small area around you.
                  | [potion of mutation]
108536 | Zot:2    | Lost mutation: Armour fits poorly on your strangely shaped
                  | body. [potion of mutation]
108536 | Zot:2    | Gained mutation: You are strong-willed. (Will+) [potion of
                  | mutation]
108537 | Zot:2    | Lost mutation: You passively map a small area around you.
                  | [potion of mutation]
108537 | Zot:2    | Lost mutation: You tend to lose your temper in combat.
                  | [potion of mutation]
108537 | Zot:2    | Lost mutation: You are weak. (Str -2) [potion of mutation]
108537 | Zot:2    | Lost mutation: You are strong-willed. (Will+) [potion of
                  | mutation]
108537 | Zot:2    | Gained mutation: Your magical capacity is low. (-10% MP)
                  | [potion of mutation]
108537 | Zot:2    | Gained mutation: You are somewhat resistant to further
                  | mutation. [potion of mutation]
109534 | Zot:5    | Entered Level 5 of the Realm of Zot
109621 | Zot:5    | Learned a level 2 spell: Passwall
109766 | Zot:5    | Reached skill level 1 in Earth Magic
110121 | Zot:5    | Noticed an orb of fire
110133 | Zot:5    | Noticed an orb of fire
110219 | Zot:5    | Reached skill level 5 in Earth Magic
110272 | Zot:5    | Reached XP level 27. HP: 226/226 MP: 27/27
111681 | Zot:5    | Noticed an ancient lich
111713 | Zot:5    | Killed an ancient lich
111994 | Zot:5    | Noticed an orb of fire
112019 | Zot:5    | Killed an orb of fire
112041 | Zot:5    | Noticed an orb of fire
112075 | Zot:5    | Gained mutation: You are dopey. (Int -2) [an orb of fire]
112076 | Zot:5    | Killed an orb of fire
112308 | Zot:5    | Reached skill level 10 in Earth Magic
113303 | Zot:5    | Reached skill level 1 in Transmutations
113557 | Zot:5    | Got the Orb of Zot
113714 | Depths:5 | Gained mutation: You are frail. (-10% HP) [a cacodemon]
113782 | Depths:5 | Gained mutation: You can translocate small distances at
                  | will. [a cacodemon]
113849 | Depths:5 | Noticed Ycukhil the pandemonium lord
113859 | Depths:5 | Noticed Feluppen the pandemonium lord
113961 | Depths:5 | Reached skill level 5 in Transmutations
114091 | Depths:5 | Noticed Ehilou the pandemonium lord
114094 | Depths:5 | Noticed Qit Baiz the pandemonium lord
114134 | Depths:5 | Noticed Metaapnu the pandemonium lord
114142 | Depths:5 | HP: 8/304 [Metaapnu the pandemonium lord (29)]
114144 | Depths:5 | Slain by Metaapnu the pandemonium lord

Illustrated notes

Levels and vault maps discovered:
D:1:      psy_arrival_wood_between_worlds, layout_basic, minmay_tetromino_s2
D:2:      layout_loops_corners, lemuel_crystal_altar,
          nicolae_gozag_seed_capital, minivault_27, uniq_jessica, uniq_natasha
D:3:      layout_basic, okawaru_altar_gauntlet_db, general_overflow_altar,
          gammafunk_ghost_split, serial_bayou_pond_c, uniq_grinder
D:4:      cheibrodos_old_hovel, layout_gridville,
          nicolae_ossuary_entry_catacombs, serial_bayou_crossing
D:5:      layout_loops_ring, old_standard_altar, uniq_pikel
D:6:      layout_loops_ring, kennysheep_little_box,
          minmay_temple_entry_glassed_door, supply_closet_lemuel
D:7:      layout_cave_pools, elyvilon_altar_3, nicolae_overflow_hidden_temple,
          overflow_temple_1_default, gammafunk_ghost_berserking_beasts
D:8:      corexii_shantytown, layout_gridville, overflow_temple_1_default,
          nicolae_qazlal_general_emergency, david_lair_generic, uniq_joseph
D:9:      layout_rooms, lemuel_blue_sif_altar, nemelex_xobeh_ov_fountains_minmay
D:10:     layout_rooms, grunt_dithmenos_smoke_and_mirrors
D:11:     layout_stronghold, minmay_nine_imps, uniq_harold, uniq_fannar
D:12:     kennysheep_snake, layout_rooms, zombieorc2_lemuel, uniq_frances,
          uniq_urug
D:13:     minmay_octagon_keep, layout_cave_pools, david_vaults_4, special_room
          [special_room_orc]
D:14:     layout_gridville, minmay_misc_feat_plants, serial_shops, shop,
          kennysheep_path_1
D:15:     hangedman_depths_entry_try_elsewhere_first, layout_basic,
          minmay_tree_intersection, minmay_guarded_unrand_vampires_tooth
Lair:1:   layout_roguey, gammafunk_lair_bear_cave, grunt_megastairs_3,
          serial_bayou_shore_a, lemuel_fruit_tree
Lair:2:   layout_hall_layers, dummy_spider_entry, gauntlet_entry_generic,
          chequers_serial_rivers_small_3, beast_lair_carwin_5,
          serial_bayou_shore_b, serial_bayou_shore_b
Lair:3:   layout_gridlike
Lair:4:   layout_cave_pods, minmay_shoals_entry_hut
Lair:5:   nzn_winding_woodlands_three_and_one
          [nzn_winding_woodlands_5x15_zeroes,
          nzn_winding_woodlands_5x15_crooked,
          nzn_winding_woodlands_5x15_longhouse,
          nzn_winding_woodlands_center_garden], layout_big_grid,
          serial_bayou_lagoon_a
Lair:6:   evil_forest, layout_regular_city, nicolae_slime_entry_slimehenge,
          minmay_lair_oklob_chamber, lemuel_fruit_fields
Shoals:1: layout_shoals, nicolae_shoals_flooded_hall
Shoals:2: layout_shoals, yaktaur_hedge, uniq_donald
Shoals:3: layout_shoals, gammafunk_ghost_necromancy,
          nicolae_shoals_water_elemental_grotto
Shoals:4: shoals_end_grunt_ice, layout_shoals,
          portal_ice_cave_entry_ice_statue_one
Spider:1: layout_spider_delve, spiders_nest_hornet_nest, uniq_josephine
Spider:2: layout_spider_delve, drop_trap, minivault_29, uniq_jorgrun
Spider:3: layout_spider_delve, uniq_kirke
Spider:4: grunt_spider_rune_circles
Slime:1:  layout_caves
Slime:2:  layout_caves
Slime:3:  layout_caves
Slime:4:  layout_caves
Slime:5
Orc:1:    layout_caves, minmay_orc_temple_c
Orc:2:    st_orc_congregation, layout_diamond_mine, serial_shops,
          nicolae_shop_waterfront, bh_open_orc_temple, uniq_erolcha
Elf:1:    layout_geoelf_octagon, kennysheep_underground_church,
          kilobyte_rumbling_trees
Elf:2:    layout_loops_corners, grunt_ministairs_5, guppyfry_elf_lava
Elf:3:    grunt_elf_hall_spiral, layout_geoelf_octagon, serial_shops, shop_coins
Vaults:1: ontoclasm_vaults_twist, v_misc_30, vaults_room_grunt_arrival_ludios,
          nicolae_vaults_mini_display_case, vaults_dpeg_hooks,
          layout_vaults_omnigrid
Vaults:2: nicolae_vaults_three_branches, vaults_room_pools,
          nicolae_vaults_network_star, hangedman_vaults_locks,
          minmay_crypt_entry_simple_corners, nicolae_vaults_circle_grid_b,
          v_misc_4, nicolae_vaults_stairing_the_circle, vaults_dpeg_cross,
          v_misc_1, layout_vaults_omnibox, uniq_frederick, uniq_saint_roka
Vaults:3: v_misc_2, hangedman_vaults_corner, ontoclasm_vaults_fault,
          nicolae_vaults_inception_statues, nicolae_vaults_specimen_jars,
          grunt_vaults_focal, vaults_mumra_lcd, nicolae_vaults_c_with_doors,
          nicolae_vaults_big_angled_halls, v_misc_22, dpeg_vaults_monster_row,
          nicolae_vaults_yaktaur_gun_rack, nicolae_vaults_shelves_hall,
          layout_vaults_big_cross, serial_shops, shop
Vaults:4: v_pattern_2, hangedman_vaults_nodes, st_squares, vaults_room_boxed,
          nicolae_vaults_alarming, v_misc_16, v_misc_2, ontoclasm_vaults_eye,
          nicolae_vaults_back_hallway, vaults_room_door_ring,
          ontoclasm_vaults_ligature, nicolae_vaults_hallways_thing,
          layout_vaults_ring
Vaults:5: serial_shops
Crypt:1:  gammafunk_sealed_library, layout_basic, st_vampire_maze,
          grunt_crypt_arrival_webbed, uniq_boris
Crypt:2:  layout_regular_city, gammafunk_ghost_crypt, minmay_misc_feat_hallway,
          lemuel_mausoleum_altar_yredelemnul
Crypt:3:  quadcrypt_mu
Depths:1: layout_gridlike, enter_ziggurat_e, rand_demon_pan_entry_3,
          nrook_mini_vaults, abyss_entry, hell_entry, kennysheep_inner_square
Depths:2: kennysheep_blocky_hall, layout_gridlike, rand_demon_pan_entry_9,
          hangedman_tar_grid_catacomb, abyss_entry_flame_altar
Depths:3: gammafunk_jiyva_shrine, layout_long_grid, minmay_misc_feat_roman,
          hellmouth_1, rand_demon_pan_entry_7, st_stairs_3,
          minmay_misc_feat_ornament, lemuel_statue_altar, firewood_loft
Depths:4: minmay_connected_boxes_in_corner, layout_gridville,
          hangedman_abyss_or_decor_passed, abyss_entry, hellmouth_2, uniq_mennas
Depths:5: hangedman_slaughterboxes, hell_entry
Hell
Zot:1:    layout_basic
Zot:2:    layout_cellular_growth, st_stairs_9, grunt_megastairs_1
Zot:3:    layout_basic
Zot:4:    layout_cathedral_of_symmetry
Zot:5:    layout_misc_corridors

Skill      XL: |  1  2  3  4  5  6  7  8  9 10 11 12 13 14 15 16 17 18 19 20 21 22 23 24 25 26 27 |
---------------+----------------------------------------------------------------------------------+-----
Bows           | 4 5 6 7 9 14 15 16 18 | 18.7
Polearms       | 2 6 8 9 13 15 16 18 20 | 20.1
Armour         | 4 9 10 11 13 14 16 | 16.6
Fighting       | 3 9 10 12 14 16 18 19 20 | 20.4
Evocations     | 7 8 13 | 13.3
Dodging        | 8 9 14 17 18 | 18.2
Translocations | 5 8 |  8.4
Spellcasting   | 5 |  5.2
Earth Magic    | 5 11 | 11.5
Transmutations | 6 |  6.0
Stealth        | |  0.8

Action                   |  1- 3 |  4- 6 |  7- 9 | 10-12 | 13-15 | 16-18 | 19-21 | 22-24 | 25-27 || total
-------------------------+-------+-------+-------+-------+-------+-------+-------+-------+-------++-------
Melee: Unarmed           |       |     5 |       |       |       |       |       |       |     1 ||     6
       Spear             |       |    27 |   241 |   165 |   463 |       |       |       |       ||   896
       Hand axe          |       |     6 |       |       |       |       |       |       |       ||     6
       Shortbow          |       |     3 |       |       |     3 |       |       |       |       ||     6
       Rapier            |       |       |       |     6 |    22 |       |       |       |       ||    28
       Halberd           |       |       |       |   308 |   868 |   185 |       |       |       ||  1361
       Glaive            |       |       |       |       |    81 |       |   575 |   726 |   710 ||  2092
       Trident           |       |       |       |       |   257 |       |       |       |       ||   257
       Demon trident     |       |       |       |       |       |  1323 |   256 |       |       ||  1579
       Longbow           |       |       |       |       |       |     1 |       |     2 |       ||     3
       Staff             |       |       |       |       |       |       |       |    13 |       ||    13
 Fire: Shortbow          |    94 |   159 |   279 |   422 |   821 |     1 |       |       |       ||  1776
       Longbow           |       |       |       |       |       |  1183 |  1116 |  1045 |   436 ||  3780
Throw: Dart              |       |     1 |     7 |    16 |   143 |    22 |       |       |       ||   189
 Cast: Apportation       |       |       |       |       |       |       |       |    20 |   201 ||   221
       Blink             |       |       |       |       |       |       |       |       |    12 ||    12
       Passwall          |       |       |       |       |       |       |       |       |     4 ||     4
Invok: Call Merchant     |       |       |     1 |     1 |     1 |       |       |       |       ||     3
       Potion Petition   |       |       |       |       |     3 |       |     2 |     3 |     1 ||     9
       Bribe Branch      |       |       |       |       |       |     2 |     1 |     2 |     1 ||     6
Evoke: Wand              |       |       |    12 |    59 |    24 |    42 |     2 |     2 |    25 ||   166
       Phial of floods   |       |       |       |       |     7 |     5 |     3 |       |     3 ||    18
       Box of beasts     |       |       |       |       |     6 |     4 |     6 |     5 |     4 ||    25
       Lightning rod     |       |       |       |       |       |    13 |    14 |     8 |     4 ||    39
       Phantom mirror    |       |       |       |       |       |     4 |     4 |     2 |     3 ||    13
       Condenser vane    |       |       |       |       |       |     3 |     9 |     7 |     6 ||    25
       Tin of tremorston |       |       |       |       |       |       |       |     3 |     4 ||     7
  Use: Scroll            |       |     8 |     8 |    17 |    14 |    21 |     9 |    13 |    17 ||   107
       Potion            |       |       |     2 |     4 |    10 |     9 |    15 |     2 |    23 ||    65
 Stab: Paralysed         |       |       |    13 |    14 |       |     3 |       |       |       ||    30
       Distracted        |       |       |     1 |     5 |    12 |    17 |    10 |    15 |     3 ||    63
       Invisible         |       |       |     5 |     2 |     2 |       |     1 |     6 |       ||    16
       Held in net/web   |       |       |       |       |       |     1 |       |       |       ||     1
Armor: Leather armour    |     4 |       |       |       |       |       |       |       |       ||     4
       Ring mail         |     4 |       |       |       |       |       |       |       |       ||     4
       Chain mail        |     7 |    72 |   188 |   325 |   682 |       |       |       |       ||  1274
       Plate armour      |       |       |       |       |   423 |  1492 |    10 |       |   125 ||  2050
       Skin              |       |       |       |       |     4 |       |       |       |     8 ||    12
       Crystal plate arm |       |       |       |       |       |       |   810 |   863 |   502 ||  2175
Dodge: Dodged            |    15 |    27 |    79 |   207 |  1214 |  1229 |   423 |   476 |   436 ||  4106

Table legend: (Time is in decaauts)
 A = Elapsed time spent in this place.
 B = Non-inter-level travel time spent in this place.
 C = Inter-level travel time spent in this place.
 D = Time resting spent in this place.
 E = Time spent auto-exploring this place.
 F = Levels seen in this place.
 G = Mean time per level.
                   A        B        C        D        E       F      G
               +--------+--------+--------+--------+--------+-----+--------+
         Total | 111806 |  99720 |  12086 |  34485 |  38492 |  62 | 1803.3 |
       Dungeon |  32025 |  27048 |   4977 |  10574 |   9945 |  15 | 2135.0 |
          Lair |  14781 |  12864 |   1917 |   4238 |   5532 |   6 | 2463.5 |
        Shoals |   7672 |   7347 |    325 |   2934 |   2203 |   4 | 1918.0 |
   Spider Nest |   6256 |   5893 |    363 |   1702 |   2414 |   4 | 1564.0 |
    Slime Pits |   3622 |   3540 |     82 |   1338 |   1346 |   5 |  724.4 |
  Orcish Mines |   5032 |   4106 |    926 |   1343 |   1148 |   2 | 2516.0 |
   Elven Halls |   3461 |   2833 |    628 |    241 |   1692 |   3 | 1153.7 |
        Vaults |  12317 |  11032 |   1285 |   3380 |   4568 |   5 | 2463.4 |
         Crypt |   5734 |   5334 |    400 |   1244 |   2649 |   3 | 1911.3 |
        Depths |  11005 |  10051 |    954 |   3155 |   3970 |   5 | 2201.0 |
          Hell |      1 |      1 |      0 |      0 |      0 |   1 |    1.0 |
           Zot |   9355 |   9132 |    223 |   3934 |   3021 |   5 | 1871.0 |
      Ziggurat |    538 |    538 |      0 |    398 |      0 |   4 |  134.5 |
               +--------+--------+--------+--------+--------+-----+--------+

Top non-repeatable levels by time:
    D:12: 4597 daAuts
  Lair:5: 4170 daAuts
Depths:5: 3344 daAuts
   Zot:5: 3322 daAuts
  Lair:6: 3319 daAuts
     D:2: 3295 daAuts
Vaults:4: 3143 daAuts
 Crypt:3: 2870 daAuts
    D:11: 2643 daAuts
Vaults:1: 2606 daAuts
    D:13: 2597 daAuts
Vaults:5: 2540 daAuts
   Orc:1: 2516 daAuts
   Orc:2: 2516 daAuts
Depths:4: 2353 daAuts
